 Dungeon Crawl Stone Soup version 0.21.1-1-g345015fe64 (webtiles) character file.

158 Htamos the Magician (level 4, -1/33 HPs)
             Began as a Demigod Wizard on July 11, 2018.
             Slain by an ogre
             ... wielding a +0 giant club
              (14 damage)
             ... on level 3 of the Dungeon.
             The game lasted 00:05:38 (3242 turns).

Htamos the Magician (Demigod Wizard)                Turns: 3242, Time: 00:05:39

Health: -1/33      AC:  3    Str: 10    XL:     4   Next: 94%
Magic:  13/13      EV: 12    Int: 24    God:
Gold:   92         SH:  0    Dex: 14    Spells: 10/11 levels left

rFire    . . .     SeeInvis .   (no weapon)
rCold    . . .     Gourm    .   (no shield)
rNeg     . . .     Faith    .   a - +0 robe
rPois    .         Spirit   .   b - +0 hat
rElec    .         Reflect  .   (no cloak)
rCorr    .         Harm     .   e - +0 pair of gloves
MR       .....                  (no boots)
Stlth    ++........             (no amulet)
HPRegen  0.11/turn              (no ring)
MPRegen  0.13/turn              (no ring)

@: no status effects
A: high mp 1
a: no special abilities


You were on level 3 of the Dungeon.
You were not hungry.

You visited 1 branch of the dungeon, and saw 4 of its levels.

You collected 92 gold pieces.

Inventory:

Hand Weapons
 i - a +0 short sword
Armour
 a - a +0 robe (worn)
 b - a +0 hat (worn)
 e - a +0 pair of gloves (worn)
Scrolls
 h - 3 scrolls of identify {unknown}
 k - 2 scrolls of teleportation {unknown}
 l - a scroll of enchant weapon {unknown}
 n - a scroll of fog {unknown}
 p - a scroll of fear {unknown}
 q - a scroll of magic mapping {unknown}
Potions
 f - a potion of berserk rage {unknown}
 g - a potion of haste {unknown}
 j - a potion of magic {unknown}
 m - 3 potions of lignification {unknown}
 o - 2 potions of degeneration {unknown}
Books
 c - a book of Minor Magic

   Spells                             Type                      Level
   a - Magic Dart                     Conjuration                  1
   b - Blink                          Translocation                2
   c - Call Imp                       Summoning                    2
   d - Slow                           Hexes                        2
   e - Conjure Flame                  Conjuration/Fire             3
   f - Mephitic Cloud                 Conjuration/Poison/Air       3
Comestibles
 d - 7 rations
 r - a chunk of flesh


   Skills:
 - Level 1.9 Dodging
 - Level 1.8 Stealth
 * Level 4.4 Spellcasting
 * Level 2.3 Conjurations
   Level 0.8 Summonings
   Level 0.8 Translocations


You had 10 spell levels left.
You knew the following spells:

 Your Spells              Type           Power        Failure   Level  Hunger
a - Magic Dart            Conj           ###.         3%          1    None


Dungeon Overview and Level Annotations

Branches:
Dungeon (4/15)
 Temple: D:4-7


Innate Abilities, Weirdness & Mutations

You have an increased reservoir of magic. (+10% MP)


Message History

r - 2 chunks of flesh
Things that are here:
a short sword; a club There isn't anything to butcher here.
There is a stone staircase leading down here.
There is a stone staircase leading down here.
You start resting.
Eating one of 2 chunks of flesh.
You eat one of the 2 chunks of flesh.
This raw flesh tastes terrible.
HP restored.
You climb downwards.
The ogre closely misses you. The orc hits you with a club.
There is a stone staircase leading up here.
The ogre hits you with a giant club!!
Ouch! That really hurt!
* * * LOW HITPOINT WARNING * * *
The orc closely misses you. The orc misses you.
You climb upwards.
There is a stone staircase leading down here.
The orc barely misses you. The ogre hits you with a giant club!
You die...

#.# #..##.##.# #.#
###.#.
######.####.....##.#
#.#######.#.
.................#.#
#...........
######...........o.#
#########.#.
##.####.###.#.# #.#.
#.# #.#
#.#o###########.#.
#######.####.#
#o#...o.o........(
#............#
#O#######..<....##
#[#####.####.# #@#
#.####### ...# #.#
#.# #.# #o# #..# #.#
#.# #.# #.#
#..####.# #.# #.#
#o#
#.......####.###.#
#.#
##.###...........#
#.# #.#
#.#####)##### ###.#
#.# #)# #.# #...#
#.# #.# #.# #.###


You could see an ogre and 2 orcs.

Vanquished Creatures
  An orc wizard (D:4)
  4 adders (D:2)
  An ooze (D:1)
  A worm (D:2)
  A dart slug (D:1)
  5 leopard geckos
  6 orcs (D:3)
  7 bats
  3 giant cockroaches (D:2)
  7 goblins
  7 hobgoblins
  4 jackals
  13 kobolds
  A ball python (D:1)
  4 frilled lizards
  11 rats
76 creatures vanquished.

Notes
Turn   | Place    | Note
-------+----------+-------------------------------------------
     0 | D:1      | Htamos the Demigod Wizard began the quest for the Orb.
     0 | D:1      | Reached XP level 1. HP: 14/14 MP: 6/6
   249 | D:1      | Reached skill level 3 in Spellcasting
   251 | D:1      | Reached skill level 1 in Conjurations
   255 | D:1      | Reached XP level 2. HP: 20/20 MP: 0/8
   794 | D:1      | Reached XP level 3. HP: 26/26 MP: 2/10
  1345 | D:2      | Found a shadowy altar of Dithmenos.
  1432 | D:2      | Found a glowing silver altar of Zin.
  1433 | D:2      | Found a stormy altar of Qazlal.
  1434 | D:2      | Found a shimmering altar of Xom.
  1434 | D:2      | Found a blossoming altar of Fedhas.
  1684 | D:2      | Reached skill level 4 in Spellcasting
  1832 | D:2      | Reached XP level 4. HP: 33/33 MP: 7/13
  2214 | D:2      | Found an opulent altar of Gozag.
  2214 | D:2      | Found a sparkling altar of Nemelex Xobeh.
  3111 | D:4      | Noticed an ogre
  3242 | D:3      | Slain by an ogre

Skill      XL: |  1  2  3  4 |
---------------+-------------+-----
Spellcasting   | 3 4 |  4.4
Conjurations   | 1 2 |  2.3
Dodging        | |  1.9
Stealth        | |  1.8
Summonings     | |  0.8
Translocations | |  0.8

Action                   |  1- 3 |  4- 6 || total
-------------------------+-------+-------++-------
 Cast: Magic Dart        |   145 |    76 ||   221
  Eat: Chunk             |     3 |     4 ||     7
Armor: Robe              |     7 |     3 ||    10
Dodge: Dodged            |    37 |    20 ||    57
